Map: [ESL] Royal Blood

Players

MeomaikA

  • Race: Zerg Zerg
  • Spawn Location: 7:00

IGXY (XY) - Winner!

  • Race: Terran Terran
  • Spawn Location: 1:00

Event: ESL SC2 Masters 2023 Summer (Regionals)

VOD

Have the link to the VOD?

Description

Time

  • Played on: May 14, 2023, 6:21 a.m.
  • Length: 15:50
Show
View Real Time Build Order
Export as new Build Order

MeomaikA Zerg 

Build Orders: Pool First 

Get SALT Encoding   

  12  0:00  Drone  
  13  0:12  Overlord  
  13  0:16  Drone  
  14  0:30  Drone  
  14  0:31  Drone  
  14  0:35  Drone  
  17  0:45  Spawning Pool  
  17  0:46  Drone  
  17  1:06  Hatchery  
  17  1:09  Drone  
  17  1:11  Extractor  
  17  1:14  Drone  
  17  1:17  Drone  
  18  1:31  Queen  
  18  1:32  Zergling x2  
  21  1:38  Drone  
  22  1:49  Overlord  
  22  2:08  Drone  
  22  2:09  Queen  
  22  2:12  Drone, Metabolic Boost  
  26  2:18  Queen  
  26  2:19  Drone  
  29  2:23  Drone  
  31  2:30  Drone  
  31  2:32  Drone  
  32  2:39  Drone  
  32  2:41  Drone x3  
  36  2:45  Overlord  
  36  3:03  Hatchery  
  36  3:05  Drone x3  
  38  3:09  Drone  
  38  3:11  Drone  
  40  3:16  Drone  
  40  3:19  Drone x2, Overlord  
  43  3:27  Drone  
  43  3:31  Overlord, Lair  
  43  3:35  Drone  
  43  3:38  Roach Warren  
  43  3:40  Extractor  
  42  3:46  Overlord  
  42  3:47  Zergling x6  
  45  3:50  Zergling x2  
  45  3:54  Drone  
  45  3:55  Drone  
  48  3:58  Overlord  
  48  4:02  Drone, Overlord  
  49  4:10  Overlord  
  49  4:20  Roach x5  
  49  4:22  Roach x2  
  63  4:27  Roach x2  
  66  4:32  Drone  
  66  4:35  Drone  
  66  4:36  Drone  
  69  4:44  Drone x4  
  69  4:45  Drone x2  
  75  4:48  Drone  
  76  4:55  Drone x4, Hydralisk Den  
  76  4:57  Extractor  
  78  5:01  Drone x2  
  78  5:04  Overseer  
  80  5:07  Overlord  
  80  5:09  Drone  
  80  5:11  Drone  
  80  5:16  Drone  
  80  5:17  Drone, Overlord  
  80  5:22  Drone x2  
  80  5:23  Overlord  
  80  5:24  Muscular Augments  
  80  5:25  Drone x3  
  80  5:26  Extractor  
  80  5:27  Overlord  
  80  5:28  Hydralisk x2  
  84  5:37  Hydralisk x2  
  84  5:38  Hydralisk  
  88  5:43  Hydralisk  
  88  5:45  Overlord, Evolution Chamber  
  88  5:46  Evolution Chamber  
  88  5:48  Drone x2, Spore Crawler  
  89  5:50  Hydralisk  
  89  5:52  Drone x2  
  89  5:57  Hydralisk  
  93  5:58  Hydralisk  
  93  6:01  Overlord  
  97  6:06  Hydralisk  
  97  6:07  Overlord  
  97  6:08  Drone x2  
  101  6:18  Hatchery, Zerg Ground Armor Level 1  
  100  6:22  Zergling x10  
  100  6:23  Zergling x2  
  100  6:24  Zergling x2  
  100  6:25  Extractor  
  106  6:26  Hydralisk  
  106  6:28  Hydralisk  
  106  6:30  Drone  
  106  6:31  Hydralisk  
  113  6:35  Hydralisk  
  113  6:36  Zergling x2  
  113  6:37  Zergling x2  
  117  6:41  Overlord, Zergling x4  
  117  6:44  Zerg Melee Weapons Level 1  
  119  6:47  Queen  
  119  6:48  Drone  
  119  6:49  Drone  
  119  6:50  Drone  
  119  6:52  Drone x2  
  126  6:58  Drone, Grooved Spines  
  126  6:59  Drone x3  
  126  7:00  Drone  
  131  7:03  Hydralisk  
  131  7:05  Hydralisk  
  131  7:07  Hydralisk  
  136  7:09  Hydralisk  
  136  7:11  Hydralisk  
  133  7:17  Drone x3  
  133  7:19  Drone x2  
  133  7:21  Drone x2  
  133  7:22  Drone x2  
  141  7:27  Baneling Nest  
  144  7:33  Drone x4  
  148  7:37  Spore Crawler  
  148  7:38  Zergling x2  
  148  7:40  Zergling x2  
  148  7:41  Zergling x2  
  148  7:43  Zergling x2  
  149  7:49  Zergling x8  
  151  7:52  Overlord  
  151  7:53  Overlord  
  151  7:58  Zergling x2  
  151  8:00  Hatchery, Overlord  
  151  8:01  Zergling x4  
  151  8:02  Zergling x2  
  151  8:03  Overlord  
  150  8:06  Drone  
  150  8:07  Overlord  
  150  8:10  Queen  
  150  8:12  Zergling x10  
  158  8:14  Zerg Ground Armor Level 2  
  158  8:17  Hydralisk x2  
  158  8:19  Zergling x6  
  164  8:22  Overlord  
  164  8:23  Zergling x2  
  164  8:24  Centrifugal Hooks  
  164  8:26  Zergling x4  
  164  8:31  Zergling x2  
  164  8:32  Zergling x6  
  164  8:34  Drone x3  
  169  8:35  Zergling x4  
  169  8:39  Zergling x4  
  175  8:41  Zergling x2  
  175  8:43  Zergling x4  
  175  8:45  Zerg Melee Weapons Level 2  
  175  8:46  Baneling x7  
  177  8:49  Zergling x4  
  177  8:50  Zergling x2  
  177  8:55  Zergling x6  
  183  9:00  Zergling x4  
  185  9:03  Baneling  
  185  9:04  Zergling x2  
  185  9:05  Zergling x2, Baneling x2  
  185  9:06  Baneling x19, Zergling x2  
  189  9:10  Zergling x6  
  189  9:11  Overlord  
  189  9:13  Zergling x2  
  189  9:16  Baneling x10  
  192  9:20  Zergling x4  
  192  9:22  Queen  
  196  9:25  Zergling x2  
  196  9:30  Zergling x4  
  199  9:37  Baneling x12  
  199  9:51  Zergling x2  
  194  9:54  Zergling x4  
  194  9:56  Zergling x4  
  194  9:58  Zergling x2  
  194  9:59  Zergling x4  
  154  10:00  Zergling x4  
  154  10:02  Zergling x2  
  154  10:03  Zergling x28  
  154  10:05  Zergling x6  
  154  10:06  Zergling x2  
  154  10:07  Zergling x2  
  155  10:09  Baneling  
  155  10:10  Baneling x17  
  155  10:11  Baneling, Zergling x6  
  155  10:12  Zergling x2  
  155  10:13  Zergling x2  
  160  10:14  Zergling x2  
  160  10:16  Zergling x2  
  160  10:19  Zergling x2  
  163  10:22  Zergling x2  
  163  10:23  Zergling x4  
  163  10:24  Zergling x6  
  163  10:28  Zergling x2  
  170  10:29  Zergling x2  
  170  10:32  Baneling x8  
  170  10:33  Zergling x2  
  170  10:35  Zergling x2  
  171  10:36  Zergling x2  
  171  10:39  Zergling x2  
  171  10:40  Zergling x4  
  171  10:41  Zergling x2  
  171  10:42  Zergling x2  
  127  10:43  Zergling x2  
  127  10:45  Zergling x2  
  127  10:46  Zergling x6  
  127  10:47  Zergling x2  
  127  10:49  Zergling x4  
  126  10:50  Zergling x2  
  126  10:51  Zerg Missile Weapons Level 1, Zergling x2  
  126  10:52  Zergling x10  
  126  10:53  Zergling x4  
  126  10:55  Baneling x12  
  126  10:56  Zergling x2  
  136  10:58  Zergling x4  
  136  11:02  Zergling x2  
  136  11:04  Zergling x2  
  140  11:06  Zergling x2  
  140  11:09  Zergling x4  
  143  11:11  Baneling x8  
  143  11:12  Zergling x2  
  143  11:14  Zergling x2  
  143  11:15  Zergling x6  
  143  11:18  Zergling x2  
  149  11:19  Zergling x10  
  149  11:20  Zergling x4  
  149  11:22  Zergling x4  
  149  11:24  Baneling x3  
  158  11:26  Zergling x2  
  158  11:27  Zergling x2  
  158  11:28  Zergling x2  
  158  11:29  Zergling x2  
  158  11:31  Zergling x2  
  158  11:32  Zergling x2  
  164  11:35  Zergling x2  
  164  11:37  Zergling x4  
  164  11:38  Zergling x4  
  170  11:40  Zergling x2  
  170  11:41  Zergling x2  
  170  11:43  Zergling x4  
  170  11:47  Overlord, Zergling x8  
  176  11:51  Zergling x10  
  176  11:52  Baneling x3  
  176  11:53  Zergling x2  
  183  11:55  Zergling x4  
  183  12:01  Baneling  
  182  12:02  Baneling x13  
  182  12:06  Baneling x9  
  182  12:07  Zergling x2  
  182  12:08  Zergling x2  
  184  12:11  Zergling x4  
  184  12:12  Zergling x6  
  184  12:14  Zergling x4  
  191  12:18  Zergling x4  
  191  12:19  Zergling x2  
  191  12:21  Zergling x6  
  197  12:24  Zergling x4  
  197  12:28  Zergling x4  
  197  12:29  Zergling x6  
  186  12:30  Zergling x4  
  186  12:31  Zergling x4  
  186  12:32  Zergling x2  
  186  12:33  Zergling x2  
  186  12:35  Zergling x4  
  186  12:37  Zergling x4  
  127  12:40  Hydralisk x2  
  127  12:43  Infestation Pit  
  116  12:48  Baneling x7  
  116  12:50  Hydralisk x2  
  120  12:51  Hydralisk  
  120  12:52  Hydralisk  
  120  12:54  Zergling x4  
  120  12:56  Zergling x2  
  120  12:58  Zergling x4  
  128  12:59  Zergling x4  
  128  13:01  Zergling x4  
  128  13:03  Zergling x2  
  128  13:04  Zergling x4  
  128  13:05  Zergling x2  
  134  13:06  Zergling x2  
  134  13:07  Zergling x2  
  134  13:13  Drone x2  
  134  13:16  Hydralisk x4  
  134  13:17  Hydralisk  
  144  13:22  Hive  
  143  13:27  Drone x3  
  143  13:28  Extractor  
  143  13:29  Hydralisk x2  
  143  13:30  Zergling x2  
  143  13:31  Zergling x4  
  143  13:33  Baneling  
  143  13:34  Baneling x4  
  152  13:35  Zergling x2  
  152  13:36  Zergling x4  
  152  13:38  Zergling x4  
  152  13:40  Zergling x4  
  159  13:42  Hydralisk  
  161  14:08  Zergling x38  
  180  14:10  Zergling x2  
  180  14:12  Zergling x4  
  180  14:13  Hatchery  
  180  14:14  Baneling  
  180  14:15  Baneling x11  
  180  14:16  Zergling x4  
  181  14:18  Zergling x4  
  181  14:19  Zergling x4  
  181  14:20  Zergling x2  
  181  14:23  Zergling x2  
  176  14:25  Zergling x4  
  176  14:26  Zergling x2  
  176  14:27  Zergling x4  
  176  14:29  Zergling x6  
  176  14:30  Zergling x2  
  169  14:34  Zergling x2  
  169  14:36  Zergling x4  
  169  14:37  Zergling x6  
  169  14:38  Zergling x2  
  137  14:39  Zergling x4  
  137  14:41  Zergling x2  
  137  14:42  Hydralisk x2  
  132  14:59  Zergling x6  
  130  15:00  Zergling x2  
  130  15:02  Zergling x4  
  130  15:03  Zergling x4  
  130  15:06  Zergling x2  
  129  15:10  Hydralisk x3  
  129  15:11  Zergling x2  
  129  15:12  Zergling x2  
  129  15:13  Zergling x2  
  129  15:14  Zergling x2  
  137  15:15  Zergling x4  
  137  15:17  Zergling x2  
  137  15:18  Zergling x2  
  128  15:22  Zergling x6  
  128  15:23  Zergling x4  
  128  15:24  Zergling x2  
  128  15:25  Zergling x4  
  128  15:27  Zergling x4  
  128  15:28  Zergling x2  
  129  15:30  Zergling x2  
  129  15:31  Zergling x4  
  129  15:33  Zergling x2  
Show
View Real Time Build Order
Export as new Build Order

IGXY Terran - Winner!

Build Orders: Reaper Expand, Hellion Banshee 

Get SALT Encoding   

  12  0:00  SCV  
  13  0:12  SCV  
  14  0:17  Supply Depot  
  14  0:24  SCV  
  15  0:38  SCV  
  15  0:40  Barracks  
  16  0:43  Refinery  
  16  0:50  SCV  
  17  1:02  SCV  
  18  1:14  SCV  
  19  1:26  Reaper  
  19  1:27  Orbital Command  
  20  1:38  Command Center  
  20  1:50  Supply Depot  
  20  1:52  SCV  
  21  1:58  Marine  
  22  2:04  SCV  
  23  2:14  Factory  
  23  2:16  Marine, SCV  
  25  2:28  SCV  
  26  2:37  Barracks Reactor  
  26  2:40  SCV  
  26  2:43  Command Center  
  27  2:52  SCV  
  27  2:57  Orbital Command  
  28  2:59  Starport  
  28  3:04  Refinery  
  28  3:06  SCV  
  29  3:18  SCV  
  30  3:30  SCV x2  
  32  3:35  Barracks Tech Lab  
  32  3:36  Hellion x2  
  36  3:42  SCV x2  
  38  3:54  SCV  
  38  3:55  SCV  
  40  3:57  Orbital Command  
  40  3:58  Hellion x2  
  40  4:00  Banshee  
  40  4:01  Cloaking Field  
  47  4:03  Marine  
  47  4:06  SCV  
  47  4:07  SCV  
  50  4:19  SCV x2  
  50  4:20  Hellion x2  
  50  4:21  Supply Depot  
  50  4:22  Barracks Tech Lab  
  56  4:28  Orbital Command  
  56  4:33  SCV  
  56  4:34  SCV  
  57  4:42  Stimpack, Marauder  
  57  4:43  Banshee  
  62  4:45  SCV, Supply Depot  
  62  4:47  Bunker  
  62  4:49  SCV  
  62  4:52  Bunker  
  63  4:55  SCV  
  63  4:57  SCV, Factory Tech Lab  
  65  5:03  SCV  
  65  5:04  Barracks  
  65  5:06  Marine  
  67  5:07  Barracks  
  67  5:12  SCV  
  67  5:13  SCV  
  67  5:15  SCV  
  68  5:24  SCV  
  68  5:25  SCV  
  74  5:28  SCV  
  74  5:31  Engineering Bay, Refinery  
  74  5:32  Refinery  
  74  5:35  Engineering Bay  
  74  5:36  SCV  
  74  5:41  SCV  
  75  5:48  Starport Reactor  
  75  5:50  Siege Tank  
  75  5:51  SCV, Supply Depot  
  75  5:52  Supply Depot  
  77  6:02  Barracks  
  77  6:05  Terran Infantry Weapons Level 1, SCV x3, Terran Infantry Armor Level 1  
  77  6:06  Barracks, Supply Depot x2  
  77  6:09  Combat Shield  
  77  6:12  Marine x2  
  77  6:13  Marauder x2  
  77  6:17  SCV  
  84  6:23  SCV, Siege Tank  
  88  6:26  SCV  
  88  6:28  Supply Depot  
  88  6:29  SCV, Supply Depot  
  88  6:30  Marine x2  
  88  6:32  Medivac  
  94  6:33  Marine x2  
  94  6:36  SCV  
  94  6:38  SCV  
  98  6:41  SCV  
  98  6:44  Medivac  
  101  6:48  Marine x2, SCV  
  101  6:50  SCV  
  101  6:51  Marine x2, Refinery  
  101  6:53  SCV  
  108  6:54  Marine x2  
  108  6:55  Siege Tank, Supply Depot  
  108  7:00  SCV  
  114  7:02  SCV  
  114  7:05  Marine x2  
  114  7:06  SCV  
  118  7:09  Marine x2  
  118  7:12  Marine x2  
  116  7:21  Armory  
  110  7:23  Marine x2  
  110  7:24  SCV, Command Center, Factory  
  110  7:26  Refinery  
  110  7:27  Marine x2, Siege Tank  
  118  7:30  Concussive Shells  
  118  7:31  Barracks Reactor  
  118  7:32  Barracks Reactor  
  118  7:35  SCV x2  
  120  7:41  SCV, Marine x2  
  123  7:45  Marine x2  
  123  7:46  Medivac  
  123  7:47  Supply Depot  
  123  7:48  Supply Depot  
  123  7:49  SCV x2, Supply Depot  
  123  7:50  Medivac  
  131  7:54  SCV  
  132  7:59  Marine x2  
  132  8:02  Marine x2  
  132  8:05  SCV  
  137  8:09  Siege Tank  
  137  8:10  Factory Tech Lab, Supply Depot  
  137  8:11  Supply Depot x2  
  140  8:13  Marine  
  140  8:15  Marine x2  
  140  8:16  SCV, Marine  
  140  8:17  Marine x2, Terran Vehicle Weapons Level 1  
  140  8:19  Terran Infantry Weapons Level 2  
  147  8:20  Marine x2  
  149  8:31  Marine  
  149  8:32  Siege Tank  
  149  8:33  Marine x2  
  149  8:34  Marine, Terran Infantry Armor Level 2  
  152  8:35  Marine x2  
  152  8:38  Marine x2  
  157  8:43  Siege Tank  
  160  8:49  Marine  
  160  8:50  Command Center  
  160  8:51  Marine x2  
  160  8:52  Marine x3  
  166  8:56  SCV, Marine x2  
  169  9:04  Siege Tank  
  169  9:05  SCV x2  
  169  9:07  Marine  
  169  9:08  SCV  
  169  9:09  Marine x2  
  178  9:10  Marine x3  
  178  9:13  Sensor Tower  
  178  9:14  Marine x2  
  183  9:20  Barracks, SCV  
  183  9:21  Barracks x2  
  184  9:25  Marine  
  184  9:26  Marine  
  184  9:27  Marine  
  184  9:28  Marine x3, Planetary Fortress  
  184  9:31  SCV x2, Refinery  
  192  9:32  SCV  
  192  9:35  Marine  
  194  9:39  Command Center  
  194  9:44  Refinery  
  193  9:58  Marine x8  
  148  10:02  Medivac  
  148  10:03  Medivac  
  148  10:05  SCV  
  148  10:06  SCV x2  
  144  10:10  Orbital Command  
  144  10:14  Siege Tank x2  
  144  10:15  Marine  
  144  10:16  Marine x7  
  144  10:18  SCV  
  159  10:21  Marine x3  
  159  10:22  Supply Depot  
  162  10:30  SCV x2  
  162  10:33  Marine  
  162  10:34  Marine x3, Marauder  
  169  10:42  Marine x2  
  136  10:43  Marine x3  
  136  10:45  Marine  
  136  10:46  Siege Tank  
  136  10:48  SCV  
  140  10:50  Siege Tank  
  140  10:51  Marine  
  140  10:52  Marine  
  140  10:53  Marine x2  
  140  10:55  Terran Infantry Weapons Level 3  
  147  11:00  Terran Infantry Armor Level 3  
  147  11:02  Planetary Fortress  
  147  11:05  SCV x3  
  147  11:06  SCV  
  147  11:07  Marine x2  
  153  11:15  Liberator x2  
  159  11:19  SCV  
  159  11:23  Siege Tank  
  159  11:24  Barracks Tech Lab x2  
  163  11:28  Marauder x2, Marine x2  
  163  11:29  Command Center  
  163  11:30  Marine  
  163  11:31  Marine  
  171  11:36  Ghost Academy  
  171  11:37  Terran Vehicle Weapons Level 2  
  171  11:40  Siege Tank  
  171  11:44  Marauder x2, Marine x2  
  171  11:45  Marine  
  171  11:46  Marine x2  
  183  11:52  Marauder  
  183  11:53  Marine x2, Marauder  
  189  12:00  Command Center  
  189  12:02  Liberator  
  189  12:03  Liberator  
  189  12:05  Siege Tank  
  198  12:10  Sensor Tower  
  198  12:13  Personal Cloaking  
  194  12:30  Command Center  
  144  12:37  Siege Tank  
  144  12:38  Marauder x3  
  144  12:40  SCV  
  148  12:49  Liberator x2  
  154  12:53  Orbital Command, Marauder  
  159  13:02  Supply Depot  
  159  13:03  Planetary Fortress  
  156  13:07  SCV x4  
  156  13:09  Siege Tank  
  154  13:14  Marine x4  
  154  13:16  Siege Tank  
  154  13:19  SCV x3  
  164  13:20  Planetary Fortress  
  164  13:29  Missile Turret, Refinery  
  164  13:31  Missile Turret  
  164  13:32  SCV x3, Neosteel Armor  
  164  13:33  SCV x2  
  169  13:37  Hi-Sec Auto Tracking  
  169  13:45  Medivac x2  
  169  13:46  Siege Tank  
  169  13:48  Marauder x2  
  180  13:49  Marine x3  
  180  13:54  Marine x2  
  185  14:04  Ghost x2  
  185  14:06  Marine  
  190  14:14  Command Center  
  190  14:20  Siege Tank  
  182  14:24  Command Center  
  182  14:25  Siege Tank  
  182  14:27  Marine x7, Marauder x2  
  182  14:30  Refinery  
  193  14:32  Refinery  
  193  14:33  Marine, Marauder  
  174  14:44  Marine  
  174  14:45  Marine x6  
  174  14:47  Marine  
  174  14:48  Marine  
  174  14:51  Marauder  
  174  14:52  Siege Tank  
  176  14:55  Marauder  
  173  15:02  Marine x3  
  173  15:03  Marine x4  
  173  15:05  Marine  
  173  15:06  Marauder, Siege Tank  
  185  15:13  Marauder  
  183  15:15  Marine  
  183  15:20  Marine x4  
  183  15:21  Marine x3  
  179  15:24  Marauder  
Tags
 
Add a new tag
Caveats
  • Supply blocks, unpowered buildings, or Contaminate may cause inaccurate times.
  • Supply counts are checked every 10 seconds.